cohdb
Replays
Latest Replays
All Replays
Popular Replays
Top Player Replays
Match Explorer
How It Works
Community
CoH3 Stats
Reddit
Sign in to upload your games and track your stats! →
Sign in with Steam
Match 38150141
Unlisted
Match 38150141
Overview
Messages
Build Orders
End
Construct Section Command Post
Infantry Section
Infantry Section
Selects Indian Artillery Battlegroup
Infantry Section
Construct Field Infirmary
Selects Towed ML 4.2-inch Heavy Mortar
Construct Platoon Command Post
Grenade Package
Selects Valour
Towed ML 4.2-inch Heavy Mortar
Selects Gurkha Rifles Section
Construct Company Command Post
Matilda II Heavy Tank
Unlock M3 Grant Medium Tanks
Selects Volunteer Infantry
M3 Grant Medium Tank
qZeto
Epicdeath
BIOHAZARD
Gorgolo
Dartarius
shagreen
Barthez
19meimic93
0
0
Comments
sign in to comment!
No comments posted yet!